 Dungeon Crawl Stone Soup version 0.28-a0-175-gb2089b6bb7 (webtiles) character file.

Game seed: 7511537191987779641

829 Nattfarinn the Destroyer (level 7, -13/36 HPs)
             Began as a Deep Elf Conjurer on Aug 17, 2021.
             Was an Initiate of Vehumet.
             Killed by an exploding gnoll (22 damage)
             ... ignited by their inner flame
             ... on level 4 of the Dungeon.
             The game lasted 00:07:38 (4592 turns).

Nattfarinn the Destroyer (Deep Elf Conjurer)        Turns: 4592, Time: 00:07:39

Health: -13/36     AC:  2    Str:  4    XL:     7   Next: 65%
Magic:  16/19      EV: 12    Int: 25    God:    Vehumet [......]
Gold:   71         SH:  0    Dex: 13    Spells: 13/19 levels left

rFire   . . .      SeeInvis .   (no weapon)
rCold   . . .      Faith    .   (no shield)
rNeg    . . .      Spirit   .   a - +0 robe
rPois   .          Reflect  .   (no helmet)
rElec   .          Harm     .   (no cloak)
rCorr   .          Rampage  .   (no gloves)
Will    .....                   (no boots)
Stlth   ++........              (no amulet)
HPRegen 0.12/turn               (no ring)
MPRegen 0.16/turn               (no ring)

@: lethally poisoned (-13 -> -41), hasted, very quick
A: no striking features
a: Renounce Religion


You were on level 4 of the Dungeon.
You worshipped Vehumet.
Vehumet was noncommittal.
You visited 2 branches of the dungeon, and saw 5 of its levels.

You collected 191 gold pieces.
You spent 120 gold pieces at shops.

Inventory:

Armour
 a - a +0 robe (worn)
Jewellery
 j - an amulet of the acrobat
Wands
 l - a wand of mindburst (4)
 m - a wand of digging (8)
 o - a wand of flame (14)
Scrolls
 d - a scroll of holy word
 g - a scroll of noise
 h - a scroll of magic mapping
Potions
 p - 2 potions of attraction


   Skills:
 - Level 2.4 Dodging
 - Level 2.4 Stealth
 - Level 6.7 Spellcasting
 - Level 8.5 Conjurations
 * Level 3.1 Earth Magic


You had 13 spell levels left.
You knew the following spells:

 Your Spells              Type           Power      Damage    Failure   Level
a - Magic Dart            Conj           100%       1d8       1%          1
b - Searing Ray           Conj           100%       3d7       1%          2
c - Stone Arrow           Conj/Erth      74%        3d11      1%          3

Your spell library contained the following spells:

 Spells                   Type           Power      Damage    Failure   Level
 Dazzling Flash           Conj/Hex       58%        N/A       3%          3
 Passwall                 Tmut/Erth      13%        N/A       5%          2
 Fulminant Prism          Conj/Hex       14%        3d9       12%         4
 Iskenderun's Mystic Bla  Conj/Tloc      29%        2d7       12%         4
 Swiftness                Air            8%         N/A       21%         3
 Animate Armour           Summ/Erth      32%        N/A       34%         4
 Invisibility             Hex            4%         N/A       100%        6
 Lehudib's Crystal Spear  Conj/Erth      18%        10d6      100%        8


Dungeon Overview and Level Annotations

Branches:
Dungeon (4/15)             Temple (1/1) D:4

Altars:
Cheibriados
Dithmenos
Elyvilon
Fedhas
Gozag
Hepliaklqana
Kikubaaqudgha
Makhleb
Nemelex Xobeh
Okawaru
Qazlal
Ru
Sif Muna
Trog
Uskayaw
Vehumet
Wu Jian
Xom
Yredelemnul
Zin

Shops:
D:4 !

Annotations:
D:4 1 runed translucent door, Crazy Yiuf


Message History

Casting: Searing Ray (safe; 1% risk of failure)
Confirm with . or Enter, or press ? or * to list all spells.
Aiming: Stone Arrow (safe; 1% risk of failure)
Press: ? - help, Shift-Dir - straight line, f - gnoll
Aim: a gnoll, wielding a +0 whip of venom (inner flame, 77% to hit)
The stone arrow misses the gnoll.
The gnoll hits you with a +0 whip of venom.
You are poisoned.
It was a potion of ambrosia.
You are confused.
You feel invigorated.
You feel sick. The gnoll closely misses you.
It was a potion of haste.
You feel yourself speed up.
You feel sick.
The gnoll hits you with a +0 whip of venom.
You are lethally poisoned!
You bump into the crystal wall.
You feel very sick.
You feel very sick.
You're too confused to move!
You feel very sick.
The gnoll hits you with a +0 whip of venom.
You are more poisoned.
You bump into the crystal wall.
You feel very sick.
You feel less invigorated.
You feel less confused.
You feel sick.
The gnoll hits you with a +0 whip of venom.
* * * LOW HITPOINT WARNING * * *
You are more poisoned.
Casting: Stone Arrow (safe; 1% risk of failure)
Confirm with . or Enter, or press ? or * to list all spells.
Aiming: Stone Arrow (safe; 1% risk of failure)
Press: ? - help, Shift-Dir - straight line, f/p - gnoll
Aim: a gnoll, wielding a +0 whip of venom (inner flame, 77% to hit)
The stone arrow hits the gnoll!!
Vehumet accepts your kill.
The gnoll explodes!
The fiery explosion engulfs you!!
Ouch! That really hurt!
You die...

..#
#..#.#.#)#.#.#.#.#..###.#
♣.. ..#
#..g#.♣.#)♣.#.♣.#...# #.#
#+.
..###..#.#.#.#.#.#.#.#..#
#.###..
#...#.#...#...#...#...#.#
##..##.
##..#..#.#.#.#.#.#.#.#..#
#...##
##..##..#...#.♣.#...#..##
#...#.
#.)####..#.#.#.#§#.#..###
#..... #..#
##..#...#§§§#..##.####.....
#..#
##..#.#.#@#..##.....†.>..#
#..#
###..#...#..##.##......###
#..#
##.##.......##.######...#
..## #...###'''###### ##..#
...####...........# #..###
....##...........## #...##
###.............## ##....
#.............## #....
##.............## ##....


There were no monsters in sight!

Vanquished Creatures
  Sigmund (D:2)
  Duvessa (D:4)
  An ogre (D:4)
  A kobold brigand (D:4)
  A scorpion (D:4)
  Dowan (D:4)
  An orc priest (D:4)
  A gnoll shaman (D:4)
  A jelly (D:4)
  An orc wizard (D:3)
  6 adders
  4 gnolls (D:4)
  A howler monkey skeleton (D:4)
  A worm (D:3)
  2 dart slugs
  6 orcs
  7 ball pythons
  3 bats (D:2)
  4 endoplasms
  6 giant cockroaches
  7 goblins
  10 hobgoblins
  11 jackals
  3 quokkas
  3 frilled lizards
  5 kobolds
  3 rats (D:2)
92 creatures vanquished.

Notes
Turn   | Place    | Note
-------+----------+-------------------------------------------
     0 | D:1      | Nattfarinn the Deep Elf Conjurer began the quest for the
                  | Orb.
     0 | D:1      | Reached XP level 1. HP: 10/10 MP: 6/6
   199 | D:1      | Reached XP level 2. HP: 15/15 MP: 6/8
   259 | D:1      | Learned a level 2 spell: Searing Ray
   385 | D:1      | Reached skill level 5 in Conjurations
   627 | D:1      | Reached XP level 3. HP: 19/19 MP: 8/10
  1324 | D:2      | Reached XP level 4. HP: 24/24 MP: 9/12
  1455 | D:2      | Noticed Sigmund
  1461 | D:2      | Killed Sigmund
  1462 | D:2      | Reached skill level 5 in Spellcasting
  1462 | D:2      | Reached skill level 6 in Conjurations
  1462 | D:2      | Reached XP level 5. HP: 25/28 MP: 5/14
  1883 | D:3      | Reached skill level 7 in Conjurations
  1883 | D:3      | Reached XP level 6. HP: 17/32 MP: 2/16
  2760 | D:4      | Found a staircase to the Ecumenical Temple.
  2770 | Temple   | Entered the Ecumenical Temple
  3437 | D:4      | Noticed Duvessa
  3452 | D:4      | Killed Duvessa
  3453 | D:4      | Reached skill level 8 in Conjurations
  3453 | D:4      | Reached XP level 7. HP: 6/36 MP: 7/18
  3715 | D:4      | Learned a level 3 spell: Stone Arrow
  3866 | D:4      | Noticed Dowan
  3869 | D:4      | Killed Dowan
  3870 | D:4      | Reached skill level 1 in Earth Magic
  4026 | D:4      | Found an ornate altar of the Wu Jian Council.
  4026 | D:4      | Found a sacrificial altar of Ru.
  4026 | D:4      | Found a radiant altar of Vehumet.
  4026 | D:4      | Found a white marble altar of Elyvilon.
  4034 | D:4      | Found a hazy altar of Hepliaklqana.
  4039 | D:4      | Found a shadowy altar of Dithmenos.
  4072 | D:4      | Became a worshipper of Vehumet
  4105 | D:4      | Found Tinlial's Distillery.
  4173 | D:4      | Bought a potion of degeneration for 10 gold pieces
  4174 | D:4      | Bought a potion of curing for 30 gold pieces
  4174 | D:4      | Bought a potion of attraction for 30 gold pieces
  4174 | D:4      | Bought a potion of heal wounds for 50 gold pieces
  4448 | D:4      | Found a runed translucent door.
  4449 | D:4      | Noticed Crazy Yiuf
  4592 | D:4      | Killed by an exploding gnoll... ignited by their inner
                  | flame

Illustrated notes

Levels and vault maps discovered:
D:1:      minmay_arrival_checkered_box, layout_basic, minmay_tetromino_i2
D:2:      layout_basic, grunt_decor_one_mirror,
          hangedman_abyss_or_decor_lesser_grid, st_stairs_13, hex_large,
          kennysheep_cross_room, chequers_serial_rivers_room_b, uniq_sigmund
D:3:      layout_basic
D:4:      layout_layer_cave, minmay_overflow_temple_hex,
          minmay_temple_entry_steel_oval, serial_shops, shop,
          kennysheep_cluttered_room, uniq_duvessa, uniq_crazy_yiuf_cottage
Temple:   eino_narrow_crystal_temple

Skill      XL: |  1  2  3  4  5  6  7 |
---------------+----------------------+-----
Conjurations   | 5 6 7 8 |  8.5
Spellcasting   | 4 5 6 |  6.7
Earth Magic    | 3 |  3.1
Dodging        | |  2.4
Stealth        | |  2.4

Action                   |  1- 3 |  4- 6 |  7- 9 || total
-------------------------+-------+-------+-------++-------
 Cast: Magic Dart        |    73 |    88 |     1 ||   162
       Searing Ray       |       |     8 |     1 ||     9
       Stone Arrow       |       |       |    20 ||    20
Evoke: Wand              |       |       |     1 ||     1
  Use: Potion            |       |       |     8 ||     8
       Scroll            |       |       |     5 ||     5
Armor: Robe              |     1 |     3 |       ||     4
Dodge: Dodged            |     3 |     1 |    18 ||    22

Table legend: (Time is in decaauts)
 A = Elapsed time spent in this place.
 B = Non-inter-level travel time spent in this place.
 C = Inter-level travel time spent in this place.
 D = Time resting spent in this place.
 E = Time spent auto-exploring this place.
 F = Levels seen in this place.
 G = Mean time per level.
                   A        B        C        D        E       F      G
               +--------+--------+--------+--------+--------+-----+--------+
         Total |   4594 |   4419 |    175 |    234 |   3804 |   5 |  918.8 |
       Dungeon |   4194 |   4033 |    161 |    234 |   3422 |   4 | 1048.5 |
        Temple |    399 |    385 |     14 |      0 |    382 |   1 |  399.0 |
               +--------+--------+--------+--------+--------+-----+--------+

Top non-repeatable levels by time:
     D:4: 1595 daAuts
     D:1: 939 daAuts
     D:2: 861 daAuts
     D:3: 799 daAuts
  Temple: 399 daAuts
